 Dungeon Crawl Stone Soup version 0.27-a0-1200-g94dc6ad4cf (webtiles) character file.

Game seed: 15756442613605637288

240 Ancestrald the Ruffian (level 6, -2/52 HPs)
             Began as a Naga Transmuter on May 31, 2021.
             Was an Initiate of Ashenzari.
             Slain by Leszczynek's ghost (8 damage)
             ... on level 3 of the Dungeon.
             The game lasted 00:46:57 (6053 turns).

Ancestrald the Ruffian (Naga Transmuter)            Turns: 6053, Time: 00:46:57

Health: -2/52      AC:  3    Str: 13    XL:     6   Next: 8%
Magic:  9/9        EV: 10    Int: 20    God:    Ashenzari [......]
Gold:   82         SH:  0    Dex: 12    Spells: 8/9 levels left

rFire    . . .     SeeInvis +   g - +0 dagger (venom)
rCold    . . .     Faith    .   (no shield)
rNeg     . . .     Spirit   .   a - +0 robe of the Cosmic Morality {Bglg, Evo} (curse)
rPois    +         Reflect  .   (helmet currently unavailable)
rElec    .         Harm     .   (no cloak)
rCorr    .         Rampage  .   (no gloves)
Will     .....                  (no barding)
Stlth    ++........             (no amulet)
HPRegen  0.17/turn              A - +6 ring of intelligence
MPRegen  0.11/turn              (no ring)

@: short of breath, appendages (expiring), very slow
A: horns 2, AC +2, large, see invisible, deformed body, poison resistance,
slowness 2, spit poison 1, naga tail 1
a: Spit Poison, End Transformation, Renounce Religion, Curse Item, Shatter the
Chains


You were on level 3 of the Dungeon.
You worshipped Ashenzari.
Ashenzari was noncommittal.
You had temporarily grown beastly horns.
You visited 1 branch of the dungeon, and saw 3 of its levels.

You collected 82 gold pieces.

Inventory:

Hand Weapons
 c - a +0 dagger
 g - a +0 dagger of venom (weapon)
 i - a +0 dagger
 n - a +0 dagger
 o - a +0 dagger
 p - a +0 hunting sling
 r - a +0 short sword
 s - a +0 club
 v - a +0 giant club
 x - a +0 dagger
Missiles
 b - 97 stones
 h - 4 boomerangs
 k - 42 sling bullets
Armour
 a - the cursed +0 robe of the Cosmic Morality (worn) {Bglg, Evo}

   It has a curse which improves the following skills: Beguiling: Conjurations,
   Hexes and Translocations.
   Evocations: Evocations.
 d - a +0 leather armour
 e - a +0 leather armour
 f - a +0 ring mail
 t - a +0 robe
Jewellery
 A - a +6 ring of intelligence (left hand)
Scrolls
 j - a scroll of noise
 l - a scroll of holy word
 q - 3 scrolls of enchant weapon
 u - a scroll of teleportation
 w - a scroll of magic mapping
 y - a scroll of torment
Potions
 m - a potion of lignification
 z - a potion of experience


   Skills:
 + Level 2.1 Fighting
 + Level 1.7 Short Blades
 + Level 3.1 Dodging
 + Level 3.0 Stealth
 - Level 3.6 Unarmed Combat
 + Level 2.4 Spellcasting
 + Level 2.4 Transmutations


You had 8 spell levels left.
You knew the following spells:

 Your Spells              Type           Power      Damage    Failure   Level
a - Beastly Appendage     Tmut           24%        N/A       5%          1

Your spell library contained the following spells:

 Spells                   Type           Power      Damage    Failure   Level
 Wereblood                Tmut           12%        N/A       9%          2
 Magic Dart               Conj           8%         1d3       16%         1
 Searing Ray              Conj           4%         3d3       22%         2
 Spider Form              Tmut/Pois      3%         N/A       28%         3
 Dazzling Flash           Conj/Hex       4%         N/A       41%         3
 Ice Form                 Ice/Tmut       7%         N/A       67%         4
 Fulminant Prism          Conj/Hex       1%         3d6       83%         4
 Iskenderun's Mystic Bla  Conj/Tloc      2%         2d3       83%         4
 Hydra Form               Tmut           6%         N/A       83%         5


Dungeon Overview and Level Annotations

Branches:
Dungeon (3/15)

Altars:
Ashenzari

Shops:
D:1 ![*(

Annotations:
D:3 1 transporter, Leszczynek's ghost, amateur HuMo


Innate Abilities, Weirdness & Mutations

You have temporarily grown beastly horns.
Your serpentine skin is tough. (AC +2)
You have supernaturally acute eyesight. (SInv)
Armour fits poorly on your strangely shaped body.
Your system is resistant to poisons. (rPois)
You cover ground very slowly.
You can spit poison.
You have a snake-like lower body.


Message History

You miss Leszczynek's ghost.
Your headbutt misses Leszczynek's ghost.
Leszczynek's ghost is moderately damaged.
You feel sick. The adder barely misses you. Leszczynek's ghost hits you.
The orc barely misses you.
You closely miss Leszczynek's ghost. You headbutt Leszczynek's ghost!
Leszczynek's ghost is heavily damaged.
You feel sick.
You are no longer poisoned.
You kill the adder!
Leszczynek's ghost hits you. The orc hits you but does no damage.
Your Stealth skill increases to level 3!
You hit the quokka.
The quokka is poisoned.
Your punch misses the quokka.
The quokka is almost dead.
The quokka bites you.
Leszczynek's ghost hits you but does no damage.
The orc hits you with a +0 short sword.
You hit the quokka but do no damage.
The quokka looks as sick as possible!
Your headbutt misses the quokka.
The quokka is almost dead.
You kill the quokka!
Leszczynek's ghost hits you but does no damage.
Your transformation is almost over.
The orc barely misses you. Leszczynek's ghost hits you.
The orc closely misses you.
You see here a quokka corpse.
You barely miss Leszczynek's ghost.
Leszczynek's ghost is heavily damaged.
Leszczynek's ghost hits you! The orc hits you with a +0 short sword.
Okay, then.
Press: ? - help, Shift-Dir - straight line, f - orc
Aim: an orc, wielding a +0 short sword The splash of poison hits the orc!
The orc is poisoned.
You kill the orc!
Leszczynek's ghost hits you!
* * * LOW HITPOINT WARNING * * *
You barely miss Leszczynek's ghost.
Leszczynek's ghost is heavily damaged.
Leszczynek's ghost hits you!
You die...

#######...####.##......##
#.......©......###.....#
#...#########..........#
####..##8.((..8##.###.....#
#.....#.........#.# #.....#
#.....#.........#.# #.....#
#.....#.........#.###.....##
#.....#....©....#...........
#.....#...)@W...#...........
#.....#.........#...........
#.....#........©#...........
#.....##8.....8##...........
#......#########............
#..........©.....#..........
#####........#####..........
#####...## #.......... #####
#...†......


You could see Leszczynek's ghost.

Vanquished Creatures
  An ogre (D:3)
  A scorpion (D:3)
  3 adders
  2 worms
  A dart slug (D:2)
  An orc (D:3)
  8 bats
  3 endoplasms
  3 giant cockroaches
  6 goblins
  8 hobgoblins
  6 jackals (D:2)
  A kobold (D:2)
  3 quokkas
  7 ball pythons
  A frilled lizard (D:1)
  4 rats
59 creatures vanquished.

Vanquished Creatures (others)
  5 fungi (D:1)
  5 plants (D:1)
10 creatures vanquished.

Grand Total: 69 creatures vanquished

Notes
Turn   | Place    | Note
-------+----------+-------------------------------------------
     0 | D:1      | Ancestrald the Naga Transmuter began the quest for the Orb.
     0 | D:1      | Reached XP level 1. HP: 18/18 MP: 3/3
   399 | D:1      | Found a faded altar of an unknown god.
  2314 | D:1      | Reached XP level 2. HP: 14/25 MP: 5/5
  2407 | D:1      | Became a worshipper of Ashenzari the Shackled
  3053 | D:1      | Found Qixipp's Antique Weapon Shoppe.
  3313 | D:1      | Found Zaikkah's Assorted Antiques.
  3914 | D:1      | Found Huolyeti's Armour Boutique.
  3941 | D:1      | Found Weshraf's Distillery.
  4086 | D:2      | Reached XP level 3. HP: 11/31 MP: 6/6
  4426 | D:2      | Reached skill level 1 in Stealth
  5038 | D:2      | Reached XP level 4. HP: 33/38 MP: 5/7
  5291 | D:3      | Noticed an ogre
  5301 | D:3      | HP: 1/38 [ogre/+0 giant club (28)]
  5304 | D:3      | Killed an ogre
  5305 | D:3      | Reached skill level 1 in Short Blades
  5305 | D:3      | Reached XP level 5. HP: 2/45 MP: 6/8
  5904 | D:3      | Reached XP level 6. HP: 52/52 MP: 7/9
  5904 | D:3      | Found a transporter.
  5908 | D:3      | Noticed Leszczynek's ghost (amateur HuMo)
  5909 | D:3      | Found a transporter.
  6053 | D:3      | Slain by Leszczynek's ghost

Illustrated notes

Levels and vault maps discovered:
D:1:      tarquinn_simple_flora_water_d, layout_basic,
          shapermc_ecumenical_altar_mp_urbaneastern, serial_shops,
          shop_fountains, nicolae_shop_trees, nicolae_shop_trees,
          nicolae_shop_waterfront, minmay_misc_feat_tiny, minmay_statues_item
D:2:      layout_rooms
D:3:      layout_basic, gammafunk_ghost_arena

Skill      XL: |  1  2  3  4  5  6 |
---------------+-------------------+-----
Dodging        | 2 3 |  3.1
Stealth        | 1 2 3 |  3.0
Short Blades   | 1 |  1.7
Fighting       | 2 |  2.1
Unarmed Combat | |  3.6
Spellcasting   | |  2.4
Transmutations | |  2.4

Action                   |  1- 3 |  4- 6 || total
-------------------------+-------+-------++-------
Melee: Unarmed           |    39 |       ||    39
       Punch             |     1 |     2 ||     3
       Dagger            |    73 |    57 ||   130
       Headbutt          |     1 |     4 ||     5
 Cast: Beastly Appendage |     5 |     5 ||    10
Invok: Curse Item        |     1 |       ||     1
 Abil: Spit Poison       |    21 |    13 ||    34
  Use: Scroll            |     1 |       ||     1
Armor: Robe              |    40 |    10 ||    50
Dodge: Dodged            |    82 |    39 ||   121

Table legend: (Time is in decaauts)
 A = Elapsed time spent in this place.
 B = Non-inter-level travel time spent in this place.
 C = Inter-level travel time spent in this place.
 D = Time resting spent in this place.
 E = Time spent auto-exploring this place.
 F = Levels seen in this place.
 G = Mean time per level.
                   A        B        C        D        E       F      G
               +--------+--------+--------+--------+--------+-----+--------+
         Total |   7003 |   6436 |    567 |   2912 |   1374 |   3 | 2334.3 |
       Dungeon |   7003 |   6436 |    567 |   2912 |   1374 |   3 | 2334.3 |
               +--------+--------+--------+--------+--------+-----+--------+

Top non-repeatable levels by time:
     D:1: 4704 daAuts
     D:2: 1392 daAuts
     D:3: 906 daAuts
